 Dungeon Crawl Stone Soup version 0.28.0-53-g5a82cb258f (webtiles) character file.

Game seed: 16840715946433554943

60 MiltankisOP the Sneak (level 3, -3/27 HPs)
             Began as a Vampire Brigand on June 15, 2022.
             Slain by Jessica
             ... wielding a +0 dagger
              (5 damage)
             ... on level 2 of the Dungeon.
             The game lasted 00:03:48 (1302 turns).

MiltankisOP the Sneak (Vampire Brigand)             Turns: 1302, Time: 00:03:49

Health: -3/27      AC:  5    Str: 10    XL:     3   Next: 82%
Magic:  3/3        EV: 13    Int: 13    God:
Gold:   48         SH:  0    Dex: 17    Spells: 2/2 levels left

rFire   . . .      SeeInvis +   a - +2 dagger
rCold   . . .      Faith    .   (no shield)
rNeg    . . .      Spirit   .   b - +0 robe
rPois   .          Reflect  .   h - +2 hat
rElec   .          Harm     .   c - +0 cloak
rCorr   .          Rampage  .   (no gloves)
Will    .....                   (no boots)
Stlth   ++++......              (no amulet)
HPRegen 0.29/turn               (no ring)
MPRegen 0.08/turn               (no ring)

@: healing quickly
A: alive, fangs 3, see invisible, vampiric 2
a: Exsanguinate


You were on level 2 of the Dungeon.
You visited 1 branch of the dungeon, and saw 2 of its levels.

You collected 48 gold pieces.

Inventory:

Hand Weapons
 a - a +2 dagger (weapon)
Missiles
 d - 8 poisoned darts (quivered)
 e - 2 curare-tipped darts
Armour
 b - a +0 robe (worn)
 c - a +0 cloak (worn)
 h - a +2 hat (worn)
Scrolls
 f - a scroll of amnesia {unknown}
 l - a scroll of fear {unknown}
Potions
 g - 3 potions of curing {unknown}
 i - a potion of haste {unknown}
 j - a potion of lignification {unknown}
 k - a potion of flight {unknown}


   Skills:
 - Level 1.7 Fighting
 - Level 2.1 Short Blades
 - Level 1.5 Throwing
 + Level 2.4 Dodging
 * Level 7.6 Stealth


You had 2 spell levels left.
You didn't know any spells.
Your spell library was empty.

Dungeon Overview and Level Annotations

Branches:
Dungeon (2/15)

Altars:
Ru

Annotations:
D:2 Jessica


Innate Abilities, Weirdness & Mutations

Your natural rate of healing is accelerated.
You have razor-sharp teeth.
You have supernaturally acute eyesight. (SInv)
You are afflicted with vampirism and can become a bat while bloodless.


Message History

No target in view!
No target in view!
No target in view!
No target in view!
No target in view!
Jessica the Apprentice Sorceress comes into view.
She is wielding a +0 dagger and wearing a +2 robe of cold resistance.
Jessica shouts!
Jessica casts a spell at you. Pain shoots through your body!
You closely miss Jessica. You hit Jessica.
Jessica is lightly wounded.
Jessica barely misses you.
You hit Jessica.
Jessica is moderately wounded.
Jessica barely misses you.
You hit Jessica.
Jessica is heavily wounded.
Jessica casts a spell at you. Pain shoots through your body!
You are too injured to fight recklessly!
You are too injured to fight recklessly!
You are too injured to fight recklessly!
You are too injured to fight recklessly!
You are too injured to fight recklessly!
You are too injured to fight recklessly!
You hit Jessica but do no damage.
Jessica is heavily wounded.
Jessica casts a spell.
Jessica seems to speed up.
You completely miss Jessica.
Jessica is heavily wounded.
Jessica hits you with a +0 dagger.
* * * LOW HITPOINT WARNING * * *
You hit Jessica but do no damage.
Jessica is heavily wounded.
Jessica hits you with a +0 dagger.
* * * LOW HITPOINT WARNING * * *
Jessica hits you with a +0 dagger.
You die...

....##.#######.#########.#
....##.#
#...........######.#
######.#
#.#####.....<......# #.#
#.# #.############ #.# #.#
#.# ######†# #.# #.#
.......# ##.## #.#
######.# #...####.#
###.######...@@...#
####............####.#
.....#.####....## #.#
######..........
....##..###....# ........#
##.#.. ###.###.####.#. #
#[#.....## ...
###.#.###.####....


You could see Jessica (fast).

Vanquished Creatures
  A worm (D:2)
  3 dart slugs
  5 ball pythons
  10 endoplasms
  3 goblins
  A hobgoblin (D:2)
  9 kobolds
  3 quokkas (D:1)
  6 bats
  3 frilled lizards
  3 rats (D:2)
47 creatures vanquished.

Notes
Turn   | Place    | Note
-------+----------+-------------------------------------------
     0 | D:1      | MiltankisOP the Vampire Brigand began the quest for the
                  | Orb.
     0 | D:1      | Reached XP level 1. HP: 16/16 MP: 1/1
    24 | D:1      | Reached skill level 6 in Stealth
    87 | D:1      | Reached XP level 2. HP: 18/22 MP: 2/2
   303 | D:1      | Reached skill level 7 in Stealth
   373 | D:1      | Gained mutation: You are afflicted with vampirism and can
                  | become a bat while bloodless. [Vampire growth]
   373 | D:1      | Reached XP level 3. HP: 27/27 MP: 3/3
   712 | D:2      | Found a sacrificial altar of Ru.
  1293 | D:2      | Noticed Jessica
  1302 | D:2      | Slain by Jessica

Illustrated notes

Levels and vault maps discovered:
D:1:      ebering_hopf_link, layout_loops_ring, st_stairs_1, feat_on_display
D:2:      layout_loops_ring, basic_altar, kennysheep_generic_room_6,
          uniq_jessica

Skill      XL: |  1  2 |
---------------+-------+-----
Stealth        | 6 7 |  7.6
Dodging        | 2 |  2.4
Fighting       | |  1.7
Short Blades   | |  2.1
Throwing       | |  1.5

Action                   || total
-------------------------++-------
Melee: Dagger            ||   102
       Bite              ||     7
 Stab: Sleeping          ||    23
Armor: Robe              ||    13
Dodge: Dodged            ||    40
